[Event "44th Chess Olympiad Open 2022"]
[Site "Chennai"]
[Date "2022.08.03"]
[Round "6.57"]
[White "BuKhalaf, Hussain"]
[Black "Boshra, Alshaeby"]
[Result "0-1"]
[WhiteElo "1813"]
[BlackElo "1854"]
[Annotator "NA RC"]
[PlyCount "24"]
[EventDate "2022.??.??"]
[TimeControl "60"]

1. c4 e5 2. g3 Nf6 3. Bg2 d5 4. e3 Nc6 5. a3 e4 6. Nc3 dxc4 7. Nxe4 Ne5 8. Ne2 Nd3+ 9. Kf1 Nxe4 10. Bxe4 Bh3+ 11. Bg2 Qd5 12. Bxh3 Qf3 0-1

[Event "44th Chess Olympiad Open 2022"]
[Site "Chennai"]
[Date "2022.08.03"]
[Round "6.58"]
[White "Kulpruethanon, Thanadon"]
[Black "Al Thebaiti Ahmed M"]
[Result "1-0"]
[WhiteElo "2294"]
[BlackElo "1966"]
[Annotator "TA"]
[PlyCount "127"]
[EventDate "2022.??.??"]
[TimeControl "60"]

1. d4 d5 2. c4 dxc4 3. e4 Nf6 4. e5 Nd5 5. Bxc4 Nb6 6. Bd3 Nc6 7. Be3 Nb4 8.
Be4 f5 {[%emt 0:01:57] D20: Queen's Gambit Accepted: 3 e3 and
3 e4.} 9. a3 N4d5 10. Bxd5 $1 {[%emt 0:04:27]
outshines the older 10.Bf3.} Qxd5 {[%emt 0:05:35] The position is equal.} 11.
Nf3 {[%emt 0:07:15] [#]} Qb5 $146 {[%emt 0:25:25] [#]} (11... e6 $11 {keeps
the balance.}) ({Predecessor:} 11... Be6 12. Nc3 Qd7 13. Ng5 O-O-O 14. Nxe6
Qxe6 15. a4 Nd5 16. a5 Qa6 17. Qe2 Qxe2+ 18. Kxe2 e6 19. a6 b6 20. Nb5 Kb8 21.
Rhc1 Nb4 22. Rxc7 {1-0 (22) Bluebaum,M (2647)-Berger,S (2408) Magdeburg 2020})
12. Nc3 $1 $16 Qxb2 {[%emt 0:13:15] 
[#]} (12... Qa6 $16) 13. Bd2 $1 $18 Bd7 14.
Ra2 {[%emt 0:02:55][%cal Ya1a2,Ya2b2,Yb2c2,Yc2c3,Yc3b3] Trapped Piece} Ba4 {
[%emt 0:02:07] And now ...Qxa2 would win.} 15. Rxb2 Bxd1 16. Nxd1 O-O-O 17. Rc2 e6 18. Bc1 h6 19. h4 Rd5 20. Ne3 Ra5 21. Rc3 Ra4 22. g3 Kd7 23. h5 Be7 24. Ke2 c6 25. Rb3 Rd8 26. Ng2 Ke8 27.
Nf4 Kf7 28. Ng6 Rd5 29. Nxe7 Kxe7 30. Bd2 Rb5 31. Bb4+ Kf7 32. Rhb1 Nd5 33. Kf1 b6 34. Kg2 a6 35. Bd2 Ke8 36. Rxb5 cxb5 37. Bb4 Kf7 38. Nh4 a5 39. Bd6 Rxd4 40. Rxb5 f4 41. Nf3 Rd3 42. g4 g5 43. Rb2 Rc3 44. Rd2 Rc4 45. Rd3 Rc2 46. Nd4 Rb2 47.
Kf3 Rb1 48. Rd2 Rh1 49. Kg2 Rc1 50. Rc2 {[%emt 0:
00:00] Prevents Rc4.} Rd1 51. Nf3 Rd3 52. Rc8 Rd1 53. Rf8+ Kg7 54. Rd8 Rd3 55. Rd7+ Kg8 56. Rb7 Rd1 57. Bc7 Rd3 58. a4 Rb3 59. Nd4 f3+ 60. Kg3 Rb4 61. Nxe6 Rxa4 62. Bxb6 Re4 63. Bd4 Nf4 64. Kxf3 {[%emt 0:00:00] White took
control after the opening. Weighted Error Value: White=0.09 (flawless) /
Black=0.39} 1-0

[Event "44th Chess Olympiad Open 2022"]
[Site "Chennai"]
[Date "2022.08.03"]
[Round "6.58"]
[White "Arunnuntapanich, Tinnakrit"]
[Black "Alzamil, Abdulaziz"]
[Result "1-0"]
[WhiteElo "2117"]
[BlackElo "1871"]
[Annotator "NA RC"]
[PlyCount "107"]
[EventDate "2022.??.??"]
[TimeControl "60"]

1. d4 d5 2. c4 c6 3. Nc3 Nf6 4. cxd5 cxd5 5. Bf4 Nc6 6. Nf3 e6 7. e3 Bd6 8. Bg3 O-O 9. Bd3 a6 10. Rc1 h6 11. O-O Bxg3 12. hxg3 Qd6 13. a3 Bd7 14. b4 b5 15. Qb3 Rfc8 16. Rc2 e5 17. dxe5 Nxe5 18. Nxe5 Qxe5 19. Rd1 Be6 20. Qb2 Qh5 21. Be2 Bg4 22. f3 Be6 23. Rd4 Qe5 24. Kf2 Rc7 25. a4 Bf5 26. Rc1 Re8 27. Qd2 bxa4 28.
Nxa4 Rxc1 29. Qxc1 Rc8 30. Qe1 Rc2 31. Rd2 Rc7 32. Qd1 Re7 33.
Qb3 Be6 34. Rd4 Qc7 35. Qc3 Qe5 36. Rh4 Qd6 37. Nc5 Rc7 38.
Qa3 Bc8 39. Rd4 Nh5 40. g4 Nf6 41. Qa2 Qb6 42. Nxa6 Ra7 43.
b5 Bd7 44. Qa4 Be8 45. Rb4 Re7 46. Rb3 Rd7 47. Qd4 Qxd4 48. exd4 Rb7 49. Nc5 Rb8 50. b6 Bc6 51. b7 Ne8 52. Rb6 Nd6 53. Rxc6 Nxb7 54. Rb6 1-0

[Event "44th Chess Olympiad Open 2022"]
[Site "Chennai"]
[Date "2022.08.03"]
[Round "6.58"]
[White "Alrehaili, Ahmed Abdullah S"]
[Black "Jingjang, Shin"]
[Result "1-0"]
[WhiteElo "1986"]
[BlackElo "1956"]
[Annotator "NA RC"]
[PlyCount "115"]
[EventDate "2022.??.??"]
[TimeControl "60"]

1. e4 e6 2. d3 d5 3. Qe2 Nf6 4. Nf3 b6 5. g3 Bb7 6. e5 Nfd7 7. Bg2 c5 8. O-O Nc6 9. c4 dxc4 10. dxc4 Qc7 11. Bf4 h6 12. h4 O-O-O 13. Nc3 a6 14. Rad1 Be7 15. Nd5 Qb8 16. Rd2 Qa8 17. a3 Rhg8 18. Rfd1 exd5 19. cxd5 g5 20. dxc6 Bxc6 21. hxg5 hxg5 22. e6 fxe6 23. Bd6 Rge8 24. Bxe7 Rxe7 25. Rd6 Rde8 26. Rxc6+ Qxc6 27. Nd4 Qa4 28. b3 Qxd4 29. Qxa6+ Kc7 30. Rxd4 cxd4 31. Qc4+ Kd8 32. Qxd4 e5 33. Qd2 e4 34. Qxg5 Kc7 35. Qe3 Re5 36. b4 Kd6 37. Bh3 R8e7 38. Bxd7 Kxd7 39. Qxb6 e3 40. Qa7+ Ke8 41. Qa8+ Kd7 42. fxe3 Rxe3 43. Qb7+ Ke8 44. Qb8+ Kd7 45. a4 Re2 46. Qb5+ Kd8 47. Qd3+ Ke8 48. Qg6+ Kd7 49. b5 Rb2 50. Qc6+ Kd8 51. Qf6 Rd2 52. Qg5 Rb2 53. a5 Ke8 54. Qh5+ Kd7 55. Qd1+ Ke8 56. b6 Ree2 57. Qxe2+ Rxe2 58. b7 1-0

[Event "44th Chess Olympiad Open 2022"]
[Site "Chennai"]
[Date "2022.08.03"]
[Round "6.58"]
[White "Alharthi, Ahmed Mohammed A"]
[Black "Laohawirapap, Prin"]
[Result "1/2-1/2"]
[WhiteElo "1935"]
[BlackElo "2230"]
[Annotator "TA"]
[PlyCount "82"]
[EventDate "2022.??.??"]
[TimeControl "60"]

1. d4 Nf6 2. Bf4 g6 3. e3 Bg7 4. Nf3 O-O 5. c3 d6 6. h3 Nbd7 7. Be2 b6 8. O-O Bb7 9. a4 a6 {[%emt 0:06:51] A48:1 d4 Nf6 2 Nf3 g6: Torre,
London and Colle Systems.} 10. Qb3 Rb8 11.
Rd1 {[%emt 0:07:15] [#]} Qe8 $146 ({Predecessor:} 11... e6 12.
Nbd2 Qe7 13. Bh2 Kh8 14. Qa3 Rg8 15. Ne5 Bf8 16. Nxd7 Qxd7 17. Bd3 Qc6 {
0-1 (50) Zavurka,R (2183)-Aguettaz,M (2356) Olomouc 2007}) 12. Na3 e5 13. dxe5 dxe5 14.
Bh2 Qe7 15. Qb4 Rfe8 16. Qxe7 Rxe7 17. Nc2 a5 18. Na3 Ne4 19. Bc4 Nd6 20. Bd5 Bxd5 21. Rxd5 f6 22. Nb5 Nxb5 23. axb5 Nc5 24. Ne1 Ree8 25. Nd3 Nxd3 26. Rxd3 Rbd8 27. Rad1 Rxd3 28. Rxd3 $15 {[%emt 0:00:34] Endgame
KRB-KRB} Bf8 29. Kf1 Bd6 30.
e4 Kf7 31. f3 Ke6 32. Bg1 Ra8 33. c4 a4 34. Be3 a3 35. bxa3 {
[%emt 0:00:05] The position is equal.} Bxa3 36. c5 bxc5 37. Rc3 $1 Bb4 38. Rc1 Kd6 39. Rd1+ $1 Ke6 40. Rc1 Kd6 41. Rd1+ $1 Ke6 {[%emt 0:30:18] Weighted Error Value: White=0.06 (flawless)
/Black=0.06 (flawless)} 1/2-1/2

[Event "44th Chess Olympiad Open 2022"]
[Site "Chennai"]
[Date "2022.08.03"]
[Round "6.59"]
[White "Tagelsir, Abubaker"]
[Black "Abdirahman Omar Sheikh"]
[Result "1/2-1/2"]
[WhiteElo "2232"]
[BlackElo "2051"]
[Annotator "NA RC"]
[PlyCount "60"]
[EventDate "2022.??.??"]
[TimeControl "60"]

1. Nf3 d5 2. g3 Nf6 3. Bg2 c5 4. c4 e6 5. cxd5 exd5 6. d4 c4 7. O-O Be7 8. Nc3 O-O 9. Ne5 Nc6 10. Be3 Be6 11. b3 cxb3 12. Qxb3 Nxe5 13. dxe5 d4 14. Qxb7 Rb8 15. Qxa7 dxe3 16. exf6 exf2+ 17. Qxf2 Bxf6 18. Rad1 Qa5 19. Nd5 Bd8 20. e3 Rb5 21. Qd2 Bg5 22. Qd3 Rb2 23. h4 Qxa2 24. Be4 Bh3 25. Nc3 Rg2+ 26. Kh1 Rh2+ 27. Kg1 Rg2+ 28. Kh1 Rh2+ 29. Kg1 Rg2+ 30. Kh1 Rh2+ 1/2-1/2

[Event "44th Chess Olympiad Open 2022"]
[Site "Chennai"]
[Date "2022.08.03"]
[Round "6.59"]
[White "Abdelhakiem Abdellatief Nogda"]
[Black "Islam Sh.Nour, Kassim"]
[Result "0-1"]
[WhiteElo "1960"]
[BlackElo "1873"]
[Annotator "NA RC"]
[PlyCount "122"]
[EventDate "2022.??.??"]
[TimeControl "60"]

1. d4 d5 2. c4 e6 3. Nf3 Nf6 4. a3 Be7 5. Nc3 a6 6. e3 dxc4 7. Bxc4 b5 8. Bd3 Bb7 9. O-O Nbd7 10. b4 O-O 11. e4 Nb6 12. Bg5 h6 13. Bxf6 Bxf6 14. e5 Be7 15.
Ne4 f5 16. exf6 Bxf6 17. Bc2 Nc4 18. Qd3 Bd5 19. Rac1 a5 20.
Ra1 Qe7 21. Nc3 g5 22. Nxb5 Qg7 23. Nxc7 Qxc7 24. Bb3 Nd6 25. Bxd5 exd5 26. Rac1 Qg7 27. Rc5 axb4 28. axb4 Qb7 29. Qg6+ Qg7 30. Qc2 Rfc8 31. Rc1 Nc4 32. Qf5 Rd8 33. Rxd5 Qf7 34. Rc5 Nd6 35. Qb1 Rd7 36. h3 Ra2 37. Qd3 Bg7 38. b5 Rb7 39. Rc6 Nxb5 40. Rc8+ Bf8 41. R1c6 Kg7 42. Qe4 Re7 43. Ne5 Qxf2+ 44. Kh2 Qf4+ 45. Qxf4 gxf4 46. Rg6+ Kh7 47. Rxf8 Nxd4 48. Rfg8 Re2 49. Rg4 R2xe5 50.
Rd8 Ne6 51. Rc8 Rg5 52. Rc4 Kg6 53. Re4 Rxg4 54. hxg4 Kf6 55. g3 f3 56. Kg1 Ng5 57. Ra4 Kg6 58. Kf2 Rf7 59. Rd4 Nh3+ 60.
Kf1 Ra7 61. Rd1 Kg5 0-1

[Event "44th Chess Olympiad Open 2022"]
[Site "Chennai"]
[Date "2022.08.03"]
[Round "6.59"]
[White "Ali Abdullahi, Farah"]
[Black "Abdelazeez, Mohamed Abdalla"]
[Result "0-1"]
[WhiteElo "1892"]
[BlackElo "2182"]
[Annotator "NA RC"]
[PlyCount "48"]
[EventDate "2022.??.??"]
[TimeControl "60"]

1. e4 d5 2. exd5 Qxd5 3. d4 e5 4. dxe5 Qxd1+ 5. Kxd1 Nc6 6.
Bb5 Bd7 7. e6 Bxe6 8. Bxc6+ bxc6 9. Bd2 O-O-O 10. Kc1 Bc5 11. f3 Ne7 12. b4 Bd4 13. c3 Bf6 14. Ne2 Nd5 15. a3 Nb6 16. Be3 Bc4 17. Nd4 Rhe8 18.
Bf2 Bg5+ 19. Nd2 Bxd2+ 20. Kc2 Na4 21. Be1 Be3 22. Nxc6 Rd5 23.
Na5 Be2 24. h4 c5 0-1

[Event "44th Chess Olympiad Open 2022"]
[Site "Chennai"]
[Date "2022.08.03"]
[Round "6.59"]
[White "Abdulkadir Mohamed Warsame"]
[Black "Hassan, Tarek Ahmed"]
[Result "1-0"]
[WhiteElo "1820"]
[BlackElo "2209"]
[Annotator "TA"]
[PlyCount "157"]
[EventDate "2022.??.??"]
[TimeControl "60"]

1. c4 b6 2. Nc3 e6 3. e4 Bb7 4. d4 Bb4 5. Bd3 f5 6. d5 fxe4 7. Bxe4 Qh4 8. Qd3 {[%emt 0:10:32] A40: Unusual replies to 1 d4.} Nf6 9. Bf3 {[%emt 0:01:00] g3 is the strong threat.} e5 {[%emt 0:
00:00] [#]} (9... Na6 $11) 10. Bd2 $146 ({White should try} 
10. Qe2 $1 $16) ({Predecessor:} 10. g3 Qd4 11. Qxd4 exd4 12. a3 Bxc3+ 13. bxc3
dxc3 14. Bg5 O-O 15. Bxf6 Rxf6 16. Rc1 {0-1 (42) Fabrizio,G (1941)-Cristobal,M
(2287) Pinamar 2012}) 10... Na6 $11 11. g3 Nc5 12. Qe2 (12. Qc2 $5 Qd4
13. Be2 $15) 12... Qd4 13. O-O-O $1 {[%emt 0:01:43] And now
Be3 would win.} Nd3+ $2 (13... Ba6 $1 $15 {stays ahead.} 14.
Bh6 Bxc4 $1 15. Rxd4 Bxe2 16. Bxg7 Bxf3 17. Nxf3 exd4 18. Bxh8 dxc3 19. Bxf6
cxb2+ 20. Kxb2 Ne4) 14. Kc2 $1 $18 e4 (14...
Nxf2 $2 15. Be3 Qxd1+ 16. Nxd1 $18) (14... Bxc3 15. Bxc3 Qxc4) 15. Bxe4 Nxe4 16. Nf3 (16. Nxe4 Qxb2+
17. Kxd3 O-O $18) (16. Qxe4+ Qxe4 17. Nxe4 Bxd2 $16) 16... Qxc4 17. b3 $1 {[%emt 0:01:35] Deflection. Dancing on a razor blade.} Qc5 (17... Ne1+ $2 18. Qxe1 Qc5 19. Qxe4+ $18) 18. Qxe4+ Kd8 19. Qxd3 a5 20.
Be3 Qf8 (20... Qxc3+ {might work better.} 21.
Qxc3 Bxc3 22. Kxc3 Rf8) 21. Na4 Ba6 (21... b5
$142 22. Nc3 (22. Qxb5 $2 Ba6 $19) 22... Bxc3 23. Kxc3 Qa3) 22. Qe4 {[%emt 0:
00:00][%cal Yd5d6] Strongly threatening d6!} Qe8 23. Qxe8+ Rxe8 24. Nc3 {[%emt 0:00:39] Against Be2} d6 25. Nd4 Kd7 26. Ne6 Re7 27. h4 Bxc3 28. Kxc3 Be2 29. Nf4 Bf3 30. Rhe1 Bxd1 31. Rxd1 a4 32. Rd4 axb3 33. axb3 Ra1 (33... Re5
$142 34. Rd2 g6) 34. Ra4 Rxa4 35. bxa4 Re4 36. Kb3 c5 37. dxc6+ Kxc6 38. Ne2 Re5 39. Nc3 Re8 40. Kc4 Ra8 41. Kb4 Re8 42. Kc4 Ra8 43. g4 Ra5 (43... d5+ {was worth a try.} 44. Nxd5 Rxa4+ 45. Nb4+ Kd6) 44.
h5 Ra8 45. f4 g6 46. hxg6 hxg6 47. Kd4 {[%emt 0:00:00]
Against d5} Rh8 48. Nd5 (48. g5 $18) 48...
Rh4 $2 (48... Ra8 $16 49. Nc3 Rh8) 49. g5 Rh7 50. Kc4 Ra7 51. Nxb6 d5+ 52. Kd3 Rh7 53. a5 {[%emt 0:00:00][%cal Yf4f5] aiming for f5!} Rh1 (
53... Ra7 $142 54. f5 (54. Nxd5 Rd7 $11) 54... d4 55. Kxd4 gxf5) 54. Kd4 (54. f5 $142 d4 55. Bxd4 gxf5 56. a6 Rd1+ 57. Kc4 Rc1+ 58. Kb3)
54... Re1 55. Nc8 (55. f5 $142 Rd1+ 56. Ke5)
55... Kd7 {[%emt 0:00:00] [#]} 56. Nb6+ (56. f5 $142 $1) 56...
Kc6 $1 57. Na4 (57. f5 $142) 57... Rd1+ {
[%emt 0:00:00] [#]} 58. Ke5 $2 (58. Kc3 $1 $18) 58... Re1 $11 59. Kd4 Ra1 $2 {[%emt 0:01:00] Black is on
the road to losing.} (59... Rd1+ $1 $11 {and Black stays safe.} 60. Kc3 Re1)
60. Nc3 $2 (60. Nc5) 60... Rxa5 $18 61. Ke5 {
[%emt 0:00:31] Hoping for Bd4.} Ra3 $2 (61... d4+ 62. Kxd4 Ra8
) 62. Bd4 ({Weaker is} 62. Nxd5 Ra5 $11) 62... Ra8 63. f5 gxf5 64. Kxf5 Rf8+ 65. Kg4 Rb8 66. g6 Kd6 67. Kg5 Ke6 68. Ne2 Kd6 69. g7 Kc6 70. Kg6 Kb5 71. Kh7 Kc4 72. Bf6 Rb7 73. Kh8 Rb6 {[%emt 0:00:50] [#]} 74. g8=Q $1 {[%emt 0:00:
43] White mates.} Rxf6 75. Qg7 Rf1 76. Qc3+ Kb5 77. Nd4+ Kb6 78. Qc6+ Ka7 79. Nb5+
{[%emt 0:00:21] Weighted Error Value: White=0.32/Black=0.41} 1-0

[Event "44th Chess Olympiad Open 2022"]
[Site "Chennai"]
[Date "2022.08.03"]
[Round "6.60"]
[White "Michaelides, Konstantinos"]
[Black "Hinga, Githinji"]
[Result "1-0"]
[WhiteElo "2300"]
[BlackElo "1954"]
[Annotator "TA"]
[PlyCount "59"]
[EventDate "2022.??.??"]
[TimeControl "60"]

1. Nf3 Nf6 2. c4 c5 3. b3 b6 4. g3 Bb7 5. Bg2 e6 6. O-O Be7 7. Bb2 d6 {[%emt 0:00:40] A30: Symmetrical English: Double Fianchetto
and Hedgehog.} 8. d4 Nbd7 9. Nc3 a6 {[%emt 0:00:53] White is slightly better.} 10.
e3 Qc7 11. Rc1 {[%emt 0:01:31] [#]} Rc8 $146 ({Predecessor:} 11... O-O 12. d5 exd5 13. cxd5 b5 14. Nh4 Rfe8
15. e4 Bf8 16. Re1 g6 17. Nb1 Bg7 18. Nd2 Rac8 19. Ba1 Ne5 {½-½ (59) Stark,L
(2386)-Thavandiran,S (2420) Chess.com INT 2022}) 12. Qe2 Qb8 13. e4 Qa8 (
13... cxd4 $14 14. Nxd4 h5) 14. d5 $1 $16 {[%emt 0:03:15] [#] aiming for dxe6.}
e5 15. Nh4 g6 16. f4 {
[%emt 0:08:29] White is more active.} Nh5 $2 {[%emt 0:04:11] A mistake that
costs the game.} (16... O-O $16 17. Nf3 Qb8 18. fxe5 Nxe5) 17. Nf3 Bf6 $2 {[%emt 0:08:24] [#]} (17... Qb8 {was worth a try.} 18. Bh3 Rd8) 18.
Bh3 $18 {[%emt 0:05:41] White is clearly winning.} Rc7 19. Na4 Qd8 20. Bxd7+ Rxd7 21. fxe5 dxe5 22. Nxe5 Bxe5 23. Bxe5 O-O 24.
Ba1 f6 25. Rf2 Rdf7 26. Rcf1 Qd6 27. e5 fxe5 28. Rxf7 Rxf7 29. Rxf7 Kxf7 30. Qxe5 {[%emt 0:00:11]
Weighted Error Value: White=0.07 (flawless) /Black=0.37} ({Weaker is} 30. Bxe5
Qe7 31. Qf2+ Kg8 $18) 1-0

[Event "44th Chess Olympiad Open 2022"]
[Site "Chennai"]
[Date "2022.08.03"]
[Round "6.60"]
[White "Florentiades, Michalis"]
[Black "Njoroge, Martin"]
[Result "0-1"]
[WhiteElo "1974"]
[BlackElo "1973"]
[Annotator "NA RC"]
[PlyCount "108"]
[EventDate "2022.??.??"]
[TimeControl "60"]

1. e4 c5 2. Nc3 Nc6 3. g3 g6 4. Bg2 Bg7 5. d3 e6 6. Be3 d6 7. Qd2 Rb8 8. Nge2 h6 9. O-O Nd4 10. f4 Ne7 11. Nd1 O-O 12. Nc1 Kh7 13.
c3 Ndc6 14. Ne2 f5 15. Bf2 Qc7 16. Ne3 Bd7 17. Rad1 Rbd8 18. Rfe1 b6 19. exf5 Nxf5 20. Nxf5 exf5 21. d4 Bc8 22. Qc2 Ne7 23. dxc5 dxc5 24. Nc1 Rxd1 25. Qxd1 Rd8 26. Qe2 Ng8 27. Rd1 Ba6 28. Qe1 Nf6 29. Nb3 Rxd1 30. Qxd1 Bb7 31. Nd2 Bxg2 32. Kxg2 Qd7 33. Qe2 Qd5+ 34. Nf3 Qxa2 35. h3 Ne4 36. g4 Nxc3 37. Qe8 Nd1 38. gxf5 gxf5 39. Qd7 Nxf2 40. Qxf5+ Kg8 41. Qc8+ Bf8 42. Kxf2 Qxb2+ 43.
Kg3 Qg7+ 44. Kh2 Qf7 45. Qg4+ Kh7 46. Ne5 Qa2+ 47. Kh1 Qb1+ 48. Kh2 Bg7 49. Nf3 Qc2+ 50. Kh1 Qe4 51. Kh2 c4 52. h4 c3 53. Kh3 c2 54. Qg2 Qf5+ 0-1

[Event "44th Chess Olympiad Open 2022"]
[Site "Chennai"]
[Date "2022.08.03"]
[Round "6.60"]
[White "Oluka Robert Mcligeyo"]
[Black "Antoniou, Rafail"]
[Result "0-1"]
[WhiteElo "1823"]
[BlackElo "1817"]
[Annotator "NA RC"]
[PlyCount "110"]
[EventDate "2022.??.??"]
[TimeControl "60"]

1. e4 c5 2. Nf3 e6 3. d4 cxd4 4. Nxd4 Nf6 5. Nc3 Nc6 6. Nxc6 bxc6 7. e5 Nd5 8. Ne4 Qc7 9. f4 Qb6 10. c4 Bb4+ 11. Ke2 f5 12. Nf2 Ba6 13.
Kf3 Ne7 14. Qa4 Bb7 15. a3 Bc5 16. Nd3 Bd4 17. Bd2 c5+ 18.
Kg3 a5 19. Be2 Be4 20. Bc3 Qc6 21. Qxc6 Nxc6 22. Nf2 Bc2 23. Bf3 Rb8 24. Bxc6 dxc6 25. Rac1 Bb3 26. Bxd4 cxd4 27. Nd3 Ke7 28. Rhf1 c5 29. Nxc5 Rhc8 30. Nxb3 Rxb3+ 31. Rf3 Rxb2 32. Rd3 Ra2 33.
Rb3 Rc7 34. c5 a4 35. Rd3 Rb2 36. Rc4 Rb3 37. Rcxd4 Rxd3+ 38. Rxd3 Rxc5 39. Kh4 Rc2 40. Rg3 Kf7 41. Kh3 Rf2 42. Rf3 Rb2 43. g4 Rb3 44. Kg3 fxg4 45. Kxg4 h5+ 46. Kg3 Kg6 47. Kf2 Rxf3+ 48. Kxf3 Kf5 49. Kg3 g5 50. fxg5 Kxg5 51. h3 h4+ 52. Kf3 Kf5 53. Ke3 Kxe5 54. Ke2 Ke4 55. Kf2 Kd3 0-1

[Event "44th Chess Olympiad Open 2022"]
[Site "Chennai"]
[Date "2022.08.03"]
[Round "6.60"]
[White "Mukoko, Isaac"]
[Black "Damianou, Ioannis"]
[Result "0-1"]
[WhiteElo "1805"]
[BlackElo "2153"]
[Annotator "TA"]
[PlyCount "82"]
[EventDate "2022.??.??"]
[TimeControl "60"]

1. e4 c5 2. c3 d5 3. exd5 Qxd5 4. d4 g6 5. Nf3 Bg7 6. Be2 cxd4 7. cxd4 Nf6 8. Nc3 Qa5 {[%emt 0:00:24] 8...
Qd6 is setting a new trend. B06: Modern Defence.} 9. O-O O-O 10. Qb3 Nc6 {[%emt 0:08:28] The position is
equal.} 11. Be3 Bf5 (11... Ng4 $11) 12. Qxb7
$14 {[%emt 0:12:51] [#]} Rfc8 $146 ({Predecessor:} 12... Nb4
13. Qb5 Qxb5 14. Bxb5 a6 15. Bc4 Nc2 16. Rac1 Nxe3 17. fxe3 Bh6 18. Rce1 Ng4 {
½-½ (32) Comte,F (1750)-Le Roy,B (1890) France 1998}) 13. Qa6 Qd8 14. Rac1 Rab8 15. Qa3 Nb4 16. Bf4 ({Avoid the trap
} 16. Qxa7 $2 Ra8 17. Qb7 Rcb8 18. Qxa8 Rxa8 $19) 16... Rb6 17. Nb5 Nc2 (17... Nbd5 $11 {remains equal.}
18. Bd2 a6) 18. Qxa7 $16 Nd5 {[%emt 0:02:58] [#] Inhibits Bc7.
} (18... Re6 $1 $14 19. Be5 Rec6) 19. Bc7 $1 $18 Rxc7 20. Nxc7 Rxb2 21. Nxd5 Qxd5 22. a4 Bxd4 $2 (22... Qe4) 23. Nxd4 Nxd4 24. Bc4 Qe4 25. Rc3 {[%emt 0:02:44]
Against Bh3} e6 $2 (25... Rb4) 26. Re3 (26.
Qc7 $142) 26... Qf4 27. Bb5 (27. Bd3 $18)
27... Rxf2 28. Rxf2 Qxe3 29.
Qb8+ Kg7 30. Qg3 (30. Qf4
$18 Qe1+ 31. Rf1) 30... Qc1+ $16 31. Rf1 Qc5
{[%emt 0:00:04] ...Ne2+ is the strong threat.} 32. Kh1 (32.
Qf2 $16) 32... Nxb5 $11 33. axb5 Qxb5 {
[%emt 0:00:05][%cal Rb5f1] Endgame KQR-KQB} 34. Qc3+ f6 35. Ra1 g5 36. h3 Qb6 37. Qc8 Be4 {[%emt 0:00:
35][%cal Ye4g2] Threatens to win with ...Bxg2+!} 38. Qd7+ Kh6
{[%emt 0:00:25][%cal Ye4g2] White must now prevent ...Bxg2+!} 39. Ra7 $2 (39. Rf1 $11 Qb2 40. Rg1) 39... Qf2 {[%emt 0:00:35][%csl Ge4]
[%cal Rf2g2] Black mates.} 40. Qg7+ Kh5 41. Qf7+ Kh4 {[%emt 0:03:54] Black used his
chance. Weighted Error Value: White=0.53/ Black=0.30} 0-1

[Event "44th Chess Olympiad Open 2022"]
[Site "Chennai"]
[Date "2022.08.03"]
[Round "6.61"]
[White "De Gondo, Simplice Armel"]
[Black "Othman, A. Moussa"]
[Result "1/2-1/2"]
[WhiteElo "2135"]
[BlackElo "2229"]
[Annotator "TA"]
[PlyCount "104"]
[EventDate "2022.??.??"]
[TimeControl "60"]

1. e4 d6 2. d4 g6 3. Nc3 Bg7 4. Be3 c6 5. a4 Nf6 6. f3 Nbd7 {[%emt 0:01:08] B07: Pirc Defence: Miscellaneous Systems.}
7. Nge2 O-O 8. Qd2 e5 {
[%emt 0:01:49] White is slightly better.} 9. dxe5 (9. O-O-O
$14 {might be stronger.}) 9... Nxe5 $11 {[%emt 0:00:36] [#] Threatens to win
with ...Nc4.} 10. Ng3 {[%emt 0:02:42] [#]} d5 $146 ({
Predecessor:} 10... Be6 11. Be2 Nc4 12. Bxc4 Bxc4 13. Bh6 Be6 14. Bxg7 Kxg7 15.
O-O-O {½-½ (15) Jimenez Zerquera,E-Padevsky,N Harrachov 1966}) 11. Be2 dxe4 (11... Qc7 {seems wilder.} 12. exd5 Nxd5
13. Nxd5 cxd5 14. c3 b6) 12. Qxd8 Rxd8 13.
Ngxe4 Nxe4 14. Nxe4 Bf5 15. Kf2 Ng4+ 16. fxg4 Bxe4 17. c3 Re8 18. Rhd1 Bd5 19. Bf3 Be6 20. a5 a6 $1 21. Bb6 Re7 22. Re1 Bf6 23. Rad1 Ree8 {[%emt 0:00:25] Prevents Bd8.}
24. Rd3 h6 25. g3 g5 26. Re2 Bd8 27. Bxd8 Raxd8 28. Red2 Rxd3 29. Rxd3 {[%emt 0:00:03] Endgame KRB-KRB} Kf8 30. b4 Ke7 31. Ke3 Bc4 32. Rd4 Kf6+ 33. Re4 (
33. Kd2 $5 Be6 34. c4 $11) 33... Be6 34. c4 Rd8 35. Rd4 Re8 36. Kd3 Ke5 37. Re4+ Kd6 38. Kd4 Rd8 39. Be2 c5+ 40. bxc5+ Kc6+ 41. Kc3 {[%emt 0:30:01] aiming for Re5.} Kxc5 42. Bf3 b6 43. axb6 Kxb6 44. Re5 Rc8 45. Bd5 Rc5 46. Kd4 Bxd5 47.
cxd5 {[%emt 0:00:00] KR-KR} Rc2 {[%emt 0:00:00] The position is equal.} 48. Rf5 Rd2+ 49. Kc4 {[%emt 0:00:00] Black must now
prevent Rf6+.} Rc2+ 50. Kd4 {[%emt 0:00:00] And now Rf6+
would win.} Rd2+ 51. Kc4 {[%emt 0:00:00] Hoping for Rf6+.}
Rc2+ 52. Kd4 Rd2+ {[%emt 0:00:02] Weighted
Error Value: White=0.06 (flawless) /Black=0.05 (flawless)} 1/2-1/2

[Event "44th Chess Olympiad Open 2022"]
[Site "Chennai"]
[Date "2022.08.03"]
[Round "6.61"]
[White "Sultan, Ibrahim"]
[Black "Manan, Yoboue Hermann"]
[Result "1-0"]
[WhiteElo "2108"]
[BlackElo "2066"]
[Annotator "NA RC"]
[PlyCount "83"]
[EventDate "2022.??.??"]
[TimeControl "60"]

1. d4 d5 2. c4 e6 3. Nc3 Nf6 4. cxd5 exd5 5. Bg5 c6 6. e3 h6 7. Bh4 Be7 8. Bd3 O-O 9. Qc2 Re8 10. Nge2 Nbd7 11. O-O Ne4 12. Bxe7 Qxe7 13. Rae1 Ndf6 14. f3 Nxc3 15. Nxc3 Qd6 16. Qf2 c5 17. Nb5 Qb6 18. dxc5 Qxc5 19. Rc1 Qxe3 20. Nc7 Qxd3 21. Nxa8 Bd7 22. Qxa7 Re2 23. Rf2 Qd2 24. Rcf1 Bb5 25. Nc7 Bd3 26. Qd4 Re1 27. h4 Qd1 28. Rxe1 Qxe1+ 29. Kh2 Qe7 30. Nxd5 Nxd5 31. Qxd3 Qxh4+ 32. Kg1 Nf4 33. Qd7 Qg5 34. Qg4 Qe5 35. Qc8+ Kh7 36. Qc2+ f5 37. Qd2 g5 38. Rf1 Ne2+ 39. Kf2 Nf4 40. Rd1 Qc5+ 41. Qd4 Qc2+ 42. Rd2 1-0

[Event "44th Chess Olympiad Open 2022"]
[Site "Chennai"]
[Date "2022.08.03"]
[Round "6.61"]
[White "Amako Marc Arnold"]
[Black "Mohamed Saeed Laily"]
[Result "0-1"]
[WhiteElo "1547"]
[BlackElo "2030"]
[Annotator "NA RC"]
[PlyCount "92"]
[EventDate "2022.??.??"]
[TimeControl "60"]

1. e4 c6 2. d4 d5 3. e5 Bf5 4. h4 c5 5. dxc5 Nc6 6. Bb5 Qc7 7. Bf4 Rd8 8. b4 h5 9. Ne2 e6 10. Nd4 Nge7 11. Nd2 Ng6 12. Bxc6+ bxc6 13. Nxf5 exf5 14. Qf3 Be7 15. Bg3 f4 16. Bxf4 Nxh4 17. Qg3 Nf5 18. Qd3 Qd7 19. Nf3 g6 20. g4 Ng7 21. gxh5 Nxh5 22. O-O-O a5 23. c3 axb4 24. cxb4 Qa7 25. a3 Ra8 26. e6 Qxa3+ 27. Qxa3 Rxa3 28.
exf7+ Kxf7 29. Ne5+ Kf6 30. Nxc6 Rha8 31. Be5+ Kf7 32. Bb2 Bg5+ 33. Kc2 Ra2 34. Kb3 Bf6 35. Nd4 Nf4 36. Ra1 Rxb2+ 37. Kxb2 Bxd4+ 38. Kc2 Rxa1 39. Rh7+ Bg7 40. c6 Ne6 41. Kb3 Nd4+ 42. Kb2 Nxc6+ 43. Rxg7+ Kxg7 44.
Kxa1 Nxb4 45. Kb2 Nc6 46. Kc3 Kf6 0-1